 Dungeon Crawl Stone Soup version 0.26-a0-962-g9b92081034 (webtiles) character file.

Game seed: 2214745883175102214

203 KristoblXynda the Ducker (level 5, 0/28 HPs)
             Began as a Spriggan Berserker on Dec 2, 2020.
             Was a Believer of Trog.
             Slain by a worm (12 damage)
             ... on level 2 of the Dungeon.
             The game lasted 00:04:12 (2129 turns).

KristoblXynda the Ducker (Spriggan Berserker)       Turns: 2129, Time: 00:04:13

Health: 0/28       AC:  2    Str: 13    XL:     5   Next: 51%
Magic:  6/6        EV: 21    Int: 10    God:    Trog [**....]
Gold:   88         SH:  0    Dex: 15    Spells: 4/4 levels left

rFire    . . .     SeeInvis +   a - +0 short sword
rCold    . . .     Faith    .   (shield restricted)
rNeg     . . .     Spirit   .   b - +0 animal skin
rPois    .         Reflect  .   (helmet restricted)
rElec    .         Harm     .   (no cloak)
rCorr    .         Rampage  .   (gloves unavailable)
MR       .....                  (boots unavailable)
Stlth    +++.......             (no amulet)
HPRegen  0.09/turn              (no ring)
MPRegen  0.10/turn              (no ring)

@: very quick
A: very small, unfitting armour, see invisible, speed 3
a: Berserk, Trog's Hand, Renounce Religion


You were on level 2 of the Dungeon.
You worshipped Trog.
Trog was pleased with you.
You visited 1 branch of the dungeon, and saw 2 of its levels.

You collected 88 gold pieces.

Inventory:

Hand Weapons
 a - a +0 short sword (weapon)
Armour
 b - a +0 animal skin (worn)
Wands
 o - a wand of paralysis (6)
Scrolls
 d - a scroll of magic mapping {unknown}
 e - 2 scrolls of enchant armour {unknown}
 f - a scroll of amnesia {unknown}
 h - a scroll of remove curse {unknown}
 i - a scroll of enchant weapon {unknown}
 j - a scroll of identify
 n - a scroll of teleportation {unknown}
Potions
 c - a potion of brilliance
 g - a potion of mutation
 k - a potion of magic {unknown}
 l - 2 potions of haste {unknown}
 m - 2 potions of lignification {unknown}


   Skills:
 + Level 3.3 Fighting
 + Level 4.4 Short Blades
 + Level 5.9 Dodging
 + Level 4.0 Stealth


You had 4 spell levels left.
You didn't know any spells.
Your spell library was empty.

Dungeon Overview and Level Annotations

Branches:
Dungeon (2/15)

Altars:


Innate Abilities, Weirdness & Mutations

You are very small and have problems with some larger weapons.
You are too small for most types of armour.
You have supernaturally acute eyesight. (SInv)
You cover ground extremely quickly.


Message History

The worm barely misses you.
Things that are here:
a gnoll corpse; a gnoll corpse You hit the worm.
The worm is severely wounded.
You recover from your berserk rage.
You hit the worm.
The worm is severely wounded.
The worm completely misses you.
You hit the worm but do no damage.
The worm is severely wounded.
You hit the worm.
The worm is almost dead.
The worm closely misses you.
You completely miss the worm.
The worm is severely wounded.
You hit the worm.
The worm is almost dead.
The worm bites you!
You die...

+.......#.................
#......##......##.........
####..............##.........
..........##.#######.........
........).w#.# #...#.....
.........#.#.# ###.......
.........#.#)# #######....
.........#.#(# #(.....>.##
.........#+#@# #.###....#
...........w)# #.#......#
...#####.....# #.#......# ###
#.....# #.#......## #.....#
#.#........ #.#####
##'#........ #######(#
#........... ####.......#
#........... ...........#
#...........


You could see a worm.

Vanquished Creatures
  A centaur (D:2)
  A worker ant (D:2)
  5 gnolls
  2 oozes
  A worm (D:2)
  A dart slug (D:1)
  2 leopard geckos (D:1)
  A bat (D:1)
  2 giant cockroaches
  2 hobgoblins
  4 jackals
  2 ball pythons (D:1)
  6 frilled lizards
  5 goblins
  2 kobolds (D:1)
  3 rats (D:1)
40 creatures vanquished.

Notes
Turn   | Place    | Note
-------+----------+-------------------------------------------
     0 | D:1      | KristoblXynda the Spriggan Berserker began the quest for
                  | the Orb.
     0 | D:1      | Reached XP level 1. HP: 11/11 MP: 2/2
   598 | D:1      | Reached skill level 1 in Stealth
   611 | D:1      | Reached XP level 2. HP: 16/16 MP: 3/3
   881 | D:1      | Reached ** piety under Trog
  1074 | D:1      | Reached XP level 3. HP: 19/19 MP: 4/4
  1079 | D:1      | Reached skill level 5 in Dodging
  1349 | D:2      | Noticed a centaur
  1366 | D:2      | Killed a centaur
  1367 | D:2      | Reached XP level 4. HP: 24/24 MP: 5/5
  1533 | D:2      | Reached XP level 5. HP: 24/28 MP: 6/6
  2129 | D:2      | Slain by a worm

Illustrated notes

Levels and vault maps discovered:
D:1:      sevenhm_arrival_forest_fort_small_5, layout_loops_corners
D:2:      layout_basic, minmay_bisected

Skill      XL: |  1  2  3  4  5 |
---------------+----------------+-----
Stealth        | 1 3 4 |  4.0
Dodging        | 5 |  5.9
Fighting       | 3 |  3.3
Short Blades   | 4 |  4.4

Action                   |  1- 3 |  4- 6 || total
-------------------------+-------+-------++-------
Melee: Short sword       |   106 |    93 ||   199
Invok: Berserk           |     3 |     3 ||     6
  Use: Scroll            |     3 |       ||     3
 Stab: Sleeping          |     2 |       ||     2
Armor: Animal skin       |    13 |     4 ||    17
Dodge: Dodged            |    82 |    62 ||   144

Table legend: (Time is in decaauts)
 A = Elapsed time spent in this place.
 B = Non-inter-level travel time spent in this place.
 C = Inter-level travel time spent in this place.
 D = Time resting spent in this place.
 E = Time spent auto-exploring this place.
 F = Levels seen in this place.
 G = Mean time per level.
                   A        B        C        D        E       F      G
               +--------+--------+--------+--------+--------+-----+--------+
         Total |   1743 |   1708 |     35 |    448 |    873 |   2 |  871.5 |
       Dungeon |   1743 |   1708 |     35 |    448 |    873 |   2 |  871.5 |
               +--------+--------+--------+--------+--------+-----+--------+

Top non-repeatable levels by time:
     D:1: 1033 daAuts
     D:2: 710 daAuts
